Get step-by-step instructions on how to execute this build order below. Start the game timer, and the build order will tick by so you can play in parallel with StarCraft on a second screen or mobile device.

Game Time

  0:00

Last Step

  N/A

Next Step

Upcoming Step



Don't want to look back and forth between 2 screens? Try out our Overwolf App, the Spawning Tool Build Advisor to get an in-game overlay with this build!

Complete Build Order

  12  0:00  SCV  
  13  0:12  SCV  
  14  0:17  Supply Depot  
  14  0:24  SCV  
  15  0:38  SCV  
  15  0:39  Barracks  
  16  0:43  Refinery  
  16  0:50  SCV  
  16  0:52  Refinery  
  17  1:02  SCV  
  18  1:15  SCV  
  19  1:27  Orbital Command, Reaper  
  19  1:28  Supply Depot  
  20  1:43  Factory  
  20  1:52  SCV  
  21  1:59  Reaper  
  22  2:05  SCV  
  23  2:17  SCV  
  23  2:22  Command Center  
  24  2:28  Cyclone  
  26  2:31  SCV  
  26  2:34  Barracks Reactor  
  27  2:39  Supply Depot  
  27  2:43  SCV  
  28  2:51  Starport  
  28  2:55  SCV  
  29  3:01  Factory Tech Lab  
  29  3:09  SCV  
  29  3:10  Marine x2  
  32  3:17  Refinery  
  32  3:19  Siege Tank  
  35  3:21  SCV  
  35  3:26  Starport Tech Lab  
  36  3:33  Orbital Command  
  33  3:41  Marine  
  33  3:43  SCV  
  33  3:46  Raven  
  37  3:55  SCV, Marine  
  37  3:59  Marine, SCV  
  41  4:03  Siege Tank  
  41  4:08  SCV  
  45  4:11  Supply Depot, SCV  
  45  4:13  Marine  
  47  4:17  Marine  
  47  4:20  SCV  
  47  4:23  SCV  
  50  4:31  Raven, Marine  
  50  4:32  Interference Matrix  
  50  4:33  Supply Depot  
  50  4:35  Marine  
  50  4:37  SCV  
  55  4:41  SCV  
  55  4:42  Siege Tank  
  59  4:48  Supply Depot  
  59  4:49  SCV, Marine  
  61  4:53  Marine  
  61  4:54  SCV  
  61  4:55  Supply Depot  
  63  5:01  SCV  
  63  5:06  Raven, SCV  
  63  5:07  Marine  
  67  5:10  Marine  
  67  5:11  Supply Depot  
  67  5:13  SCV  
  70  5:15  Siege Tank  
  70  5:19  SCV  
  74  5:22  Supply Depot  
  74  5:25  Marine  
  74  5:26  SCV  
  76  5:28  Marine  
  76  5:31  SCV  
  78  5:38  Command Center, SCV  
  79  5:44  SCV  
  79  5:47  Siege Tank, Starport Reactor  
  83  5:53  SCV  
  83  5:56  Barracks  
  84  5:59  Stimpack, Marine  
  84  6:01  SCV  
  84  6:02  Barracks  
  86  6:07  SCV  
  87  6:12  Engineering Bay  
  87  6:13  SCV, Refinery  
  87  6:14  Engineering Bay  
  83  6:25  Marine  
  69  6:35  Viking x2  
  69  6:39  Siege Tank  
  68  6:40  SCV x2  
  68  6:43  Terran Infantry Weapons Level 1  
  70  6:48  Marine x3  
  70  6:49  Barracks Reactor  
  70  6:52  Barracks, SCV  
  70  6:53  Barracks, SCV  
  75  6:55  Orbital Command  
  75  7:04  SCV  
  75  7:05  SCV  
  75  7:06  Viking  
  79  7:11  Viking  
  79  7:15  Marine x2  
  83  7:16  Marine  
  83  7:17  SCV x2  
  83  7:21  Siege Tank  
  89  7:23  SCV  
  89  7:27  Terran Infantry Armor Level 1  
  89  7:29  SCV x2  
  92  7:30  Refinery  
  92  7:33  Refinery  
  92  7:36  Viking, SCV  
  95  7:41  Viking  
  95  7:43  Supply Depot, SCV x2  
  99  7:45  Combat Shield  
  99  7:48  Marine  
  99  7:49  Barracks Reactor  
  99  7:50  SCV  
  101  7:53  Barracks Reactor  
  101  7:54  Marine x2  
  101  7:55  SCV  
  101  7:56  Marine x2  
  101  7:57  SCV  
  107  8:02  SCV  
  107  8:03  Siege Tank  
  111  8:06  Marine  
  111  8:11  Supply Depot  
  111  8:12  Command Center, Marine x2  
  114  8:15  Marine  
  114  8:16  Marine  
  116  8:20  SCV x3  
  116  8:22  Armory  
  116  8:24  Marine  
  120  8:27  Medivac  
  120  8:29  Medivac  
  120  8:30  Marine  
  120  8:33  SCV, Marine  
  128  8:34  Sensor Tower  
  128  8:35  Supply Depot  
  128  8:37  Supply Depot  
  128  8:38  SCV  
  128  8:39  SCV  
  130  8:45  Marine x5  
  134  8:50  Siege Tank  
  134  8:51  Marine  
  134  8:54  Marine  
  134  8:55  Marine x2  
  140  8:56  SCV x3  
  144  9:03  Supply Depot  
  144  9:04  Supply Depot  
  144  9:10  Marine  
  144  9:14  Marine x2  
  147  9:17  Refinery  
  147  9:18  Refinery  
  147  9:23  Sensor Tower  
  147  9:24  Marine x3  
  147  9:25  Marine  
  147  9:29  Marine x2  
  153  9:37  Marine  
  154  9:40  Marine x2  
  154  9:45  Marine x3